 Dungeon Crawl Stone Soup version 0.31-a0-876-gfe8ebadbca (webtiles) character file.

Game seed: 10652934330368254239

64317 kae the Jinx (level 14, -4/109 HPs)
             Began as a Demonspawn Enchanter on Oct 13, 2023.
             Was the Champion of Dithmenos.
             Slain by a ten-headed hydra (9 damage)
             ... on level 9 of the Dungeon.
             The game lasted 00:27:34 (21024 turns).

kae the Jinx (Demonspawn Enchanter)                Turns: 21024, Time: 00:27:34

Health: -4/109     AC: 15    Str: 15    XL:     14   Next: 71%
Magic:  23/26      EV: 14    Int: 18    God:    Dithmenos [******]
Gold:   1029       SH: 13    Dex: 14    Spells: 19/30 levels left

rFire   . . .        a - +4 dagger (vamp)
rCold   . . .        (no shield)
rNeg    + . .        i - +0 swamp dragon scales
rPois   +            E - +1 helmet
rElec   .            (no cloak)
rCorr   .            Z - +2 pair of gloves {Str+3}
SInv    .            p - +2 pair of boots
Will    ++...        v - amulet "Dutioce" {Reflect Fragile rPois Slay+3 SH+5}
Stlth   ++++++       N - ring of positive energy
HPRegen 0.38/turn    Y - +4 ring of slaying
MPRegen 0.20/turn

%: reflection
@: wreathed by umbra, studying Shields
A: large bone plates 3, ignite blood 2, powered by death 2, demonic willpower,
demonic touch 2
a: Renounce Religion, Shadow Step, Shadow Form


You were on level 9 of the Dungeon.
You worshipped Dithmenos.
Dithmenos was exalted by your worship.
You visited 3 branches of the dungeon, and saw 17 of its levels.
You also visited: Sewer and Bailey.

You collected 1190 gold pieces.
You spent 161 gold pieces at shops.


Innate Abilities, Weirdness & Mutations

You are completely covered in large bone plates. (SH +8)
Your demonic aura often causes spilled blood to erupt in flames.
You regenerate health from kills.
You punish those that try to bend your will. (Will+)
Your touch may inflict irresistible damage on your foes.


   Skills:
 + Level 9.7 Fighting
 * Level 12.2 Short Blades
 + Level 8.0 Dodging
 + Level 9.9 Stealth
 + Level 8.9 Spellcasting
 * Level 13.5 Hexes
 + Level 6.3 Invocations


You had 19 spell levels left.
You knew the following spells:

 Your Spells              Type           Power      Damage    Failure   Level
a - Ensorcelled Hibernat  Hex/Ice        64%        N/A       1%          2
b - Confusing Touch       Hex            54%        N/A       1%          3
c - Tukima's Dance        Hex            54%        N/A       1%          3
d - Dazzling Flash        Conj/Hex       64%        N/A       3%          3

Your spell library contained the following spells:

 Spells                   Type           Power      Damage    Failure   Level
 Fulminant Prism          Conj/Hex       16%        3d11      11%         4
 Magic Dart               Conj           32%        1d4       19%         1
 Call Imp                 Summ           16%        N/A       26%         2
 Metabolic Englaciation   Hex/Ice        16%        N/A       30%         5
 Silence                  Hex/Air        16%        N/A       30%         5
 Summon Mana Viper        Hex/Summ       32%        N/A       30%         5
 Mephitic Cloud           Conj/Pois/Air  8%         N/A       47%         3
 Ozocubu's Armour         Ice            8%         N/A       47%         3
 Volatile Blastmotes      Fire/Tloc      16%        2d11      47%         3
 Iskenderun's Mystic Bla  Conj/Tloc      8%         2d4       87%         4
 Agony                    Necr           8%         N/A       99%         5
 Discord                  Hex            27%        N/A       99%         8
 Eringya's Noxious Bog    Tmut/Pois      4%         4d6       100%        6
 Simulacrum               Ice/Necr       4%         N/A       100%        6

Inventory:

Hand Weapons
 a - a +4 vampiric dagger (weapon)
 o - the +1 rapier of Wrongful Imprisonment {speed, rPois rC+ rN+ Dex+3}
   (You acquired it on level 9 of the Dungeon)

   Dex+3:     It affects your dexterity (+3).
   rC+:       It protects you from cold.
   rPois:     It protects you from poison rN+: It protects you from negative
   energy.
 O - a +4 short sword of speed
   (You took it off Harold on level 11 of the Dungeon)
Missiles
 m - 6 javelins
 n - 10 stones
Armour
 b - a +0 robe
 i - +0 swamp dragon scales (worn)
   (You found it on level 3 of the Lair of Beasts)
 p - a +2 pair of boots (worn)
   (You found it on level 6 of the Dungeon)
 E - a +1 helmet (worn)
   (You found it on level 9 of the Dungeon)
 Z - a +2 pair of gloves of strength (worn)
   (You found it on level 3 of the Lair of Beasts)
Magical Staves
 D - a staff of death {!a}
   (You found it on level 10 of the Dungeon)
 V - a staff of cold {!a}
   (You found it on level 1 of the Lair of Beasts)
Jewellery
 f - a ring of protection from fire
   (You found it on level 11 of the Dungeon)
 v - the amulet "Dutioce" (around neck) {Reflect Fragile rPois Slay+3 SH+5}
   (You found it on level 8 of the Dungeon)

   [amulet of reflection]

   Reflect:   It reflects blocked missile attacks.
   Slay+3:    It affects your accuracy & damage with ranged weapons and melee
   (+3).
   rPois:     It protects you from poison Fragile: It will be destroyed if
   unequipped.
   SH+5:      It affects your SH (+5).
 C - a ring of ice
   (You found it on level 8 of the Dungeon)
 F - a ring of protection from fire
   (You found it on level 6 of the Dungeon)
 G - an amulet of guardian spirit
   (You found it on level 9 of the Dungeon)
 N - a ring of positive energy (left hand)
   (You took it off a wight on level 6 of the Dungeon)
 S - a +6 ring of strength
   (You found it on level 2 of the Lair of Beasts)
 Y - a +4 ring of slaying (right hand)
   (You found it on level 3 of the Lair of Beasts)
Wands
 g - a wand of acid (16)
   (You took it off Ijyb on level 5 of the Dungeon)
 w - a wand of paralysis (7)
   (You took it off a kobold on level 9 of the Dungeon)
 z - a wand of roots (6)
   (You found it on level 5 of the Lair of Beasts)
 K - a wand of flame (40)
   (You took it off a kobold brigand on level 10 of the Dungeon)
 P - a wand of polymorph (4)
   (You took it off Maurice on level 11 of the Dungeon)
Scrolls
 h - 3 scrolls of vulnerability {!r!r}
 l - 10 scrolls of identify {@r1}
 q - 2 scrolls of silence {!r}
 r - 5 scrolls of revelation
 t - 3 scrolls of fog
 x - 4 scrolls of brand weapon
 y - a scroll of poison
 A - 5 scrolls of enchant weapon
 B - 2 scrolls of teleportation {@r4}
 H - a scroll of torment {!r}
 I - a scroll of immolation {!r!r}
Potions
 c - a potion of invisibility
 d - 4 potions of lignification {!q}
 e - 2 potions of attraction {!q}
 j - a potion of brilliance
 k - 2 potions of haste {@q3}
 s - 4 potions of cancellation
 u - 3 potions of heal wounds {@q2}
 J - a potion of ambrosia
 Q - a potion of might
 R - 4 potions of curing {@q1}
 X - 2 potions of resistance
Miscellaneous
 L - a phantom mirror
   (You found it on level 11 of the Dungeon)
 M - a box of beasts
   (You found it on level 5 of the Lair of Beasts)
 U - a phial of floods
   (You found it on level 11 of the Dungeon)
 W - a condenser vane
   (You found it on level 11 of the Dungeon)

Dungeon Overview and Level Annotations

Branches:
Dungeon (11/15) Zot: 24773  Temple (1/1) D:4 Zot: 5969    Lair (5/5) D:8 Zot: 23925
  Swamp (0/4) Lair:3       Spider (0/4) Lair:2        Slime (0/5) Lair:4
    Orc (0/2) D:10          Sewer (visited)          Bailey (visited)

Altars:
Ashenzari
Cheibriados
Dithmenos
Fedhas
Gozag
Hepliaklqana
Kikubaaqudgha
Makhleb
Nemelex Xobeh
Okawaru
Qazlal
Ru
Sif Muna
Trog
Uskayaw
Vehumet
Wu Jian
Xom
Yredelemnul
Jiyva

Shops:
D:9 ?

Annotations:
D:5 3 runed translucent doors, shbulbulush's ghost, amateur TrGl
D:9 Dirtsage's ghost, journeyman OpSh

...........#......###.###.......#
##...........####..#...#........#
###......#...# #..#............#
####......#.#.# ##.#...........##
.##.........#.####....####.....##
..##...........##..#### ###.....#
.#####....#.........# #...#....
###......##..#<#...## ##...#....
##........#.#..§@...####....#....
#............##DWD##.#...........
.......#))..##.....##............
.........)..#♣....!♣#)...........
............#♣..)...#.#..........
..#.........#♣..:..♣#.#..........
..#.......#.##♣!..♣##.#..........
........####.##♣♣♣##..###........
.....#.#####..######...##........


You could see a ten-headed hydra (blind), a nine-headed hydra (blind) and
Dirtsage's ghost.


Message History

The nine-headed hydra roars!
There is a stone staircase leading up here.
The ten-headed hydra roars!
There is a stone staircase leading down here.
You climb downwards.
There is a stone staircase leading up here.
You climb upwards.
Level annotation: 3 runed translucent doors, Dirtsage's ghost, journeyman OpSh
There is a stone staircase leading down here.
You open the gate. You puncture the nine-headed hydra!
Your shadow hits the nine-headed hydra with a dagger.
Dirtsage's ghost is engulfed in blazing flames.
You block Dirtsage's ghost's attack.
The nine-headed hydra is engulfed in blazing flames.
You block the nine-headed hydra's attack.
The nine-headed hydra bites you but does no damage.
The nine-headed hydra barely misses you.
The nine-headed hydra completely misses you.
You block the nine-headed hydra's attack.
The nine-headed hydra bites you!
The nine-headed hydra completely misses you.
The nine-headed hydra bites you!
You block the nine-headed hydra's attack.
You completely miss the nine-headed hydra.
You touch the nine-headed hydra.
You block the ten-headed hydra's attack. x2
The ten-headed hydra bites you. The ten-headed hydra misses you.
The ten-headed hydra barely misses you. x2
The ten-headed hydra bites you but does no damage.
You block the ten-headed hydra's attack.
The ten-headed hydra bites you. x2 😮 HP[-35]
You take 35 damage, and now have 74/109 hp.
MASSIVE DAMAGE!! (PAUSE)
You hit Dirtsage's ghost.
Dirtsage's ghost is engulfed in blazing flames.
You block Dirtsage's ghost's attack.
The nine-headed hydra is engulfed in blazing flames.
The nine-headed hydra bites you!
The nine-headed hydra bites you but does no damage.
The nine-headed hydra misses you.
You block the nine-headed hydra's attack.
The nine-headed hydra bites you!
The nine-headed hydra bites you but does no damage.
The nine-headed hydra bites you!
* * * LOW HITPOINT WARNING * * *
The nine-headed hydra bites you.
* * * LOW HITPOINT WARNING * * *
The nine-headed hydra closely misses you.
You are too injured to fight recklessly!
You are too injured to fight recklessly! 😨 HP[-37]
You take 37 damage, and now have 37/109 hp.
MASSIVE DAMAGE!! (PAUSE)
Casting: Dazzling Flash (mildly dangerous; 3% risk of failure)
Confirm with . or Enter, or press ? or * to list all spells.
Casting: Dazzling Flash (mildly dangerous; 3% risk of failure)
Press: ? - help, Dir - look around, f - activate The ten-headed hydra is dazzled.
The nine-headed hydra is dazzled.
The ten-headed hydra bites you.
* * * LOW HITPOINT WARNING * * *
The ten-headed hydra bites you.
* * * LOW HITPOINT WARNING * * *
The ten-headed hydra bites you but does no damage.
The ten-headed hydra barely misses you. x2
You block the ten-headed hydra's attack.
The ten-headed hydra bites you!
* * * LOW HITPOINT WARNING * * *
The ten-headed hydra bites you but does no damage.
You block the ten-headed hydra's attack.
The ten-headed hydra bites you.
* * * LOW HITPOINT WARNING * * *
Dirtsage's ghost is engulfed in blazing flames.
Dirtsage's ghost hits you.
* * * LOW HITPOINT WARNING * * *
The nine-headed hydra is engulfed in blazing flames.
The nine-headed hydra barely misses you.
You block the nine-headed hydra's attack. x2
The nine-headed hydra closely misses you.
The nine-headed hydra misses you.
The nine-headed hydra completely misses you.
The nine-headed hydra barely misses you.
The nine-headed hydra bites you but does no damage.
The nine-headed hydra bites you.
* * * LOW HITPOINT WARNING * * *
Unknown command. 😱 HP[-29] MP[-3]
You take 29 damage, and now have 8/109 hp.
MASSIVE DAMAGE!! (PAUSE)
You lost 3 mp, and now have 23/26 mp.
You puncture the ten-headed hydra!
The ten-headed hydra is engulfed in blazing flames.
You block the ten-headed hydra's attack.
The ten-headed hydra bites you.
* * * LOW HITPOINT WARNING * * *
The ten-headed hydra bites you.
* * * LOW HITPOINT WARNING * * *
The ten-headed hydra misses you. The ten-headed hydra bites you!
You die...

Skill      XL: |  1  2  3  4  5  6  7  8  9 10 11 12 13 14 |
---------------+-------------------------------------------+-----
Short Blades   | 1 2 3 4 5 6 8 9 10 11 12 | 12.2
Fighting       | 1 2 3 4 5 6 7 8 9 |  9.7
Stealth        | 3 4 5 6 7 8 9 |  9.9
Hexes          | 4 5 6 8 9 10 11 12 13 | 13.5
Spellcasting   | 3 4 5 6 7 8 |  8.9
Dodging        | 3 4 5 6 7 8 |  8.0
Invocations    | 1 4 6 |  6.3

Action                     |  1- 3 |  4- 6 |  7- 9 | 10-12 | 13-15 || total
---------------------------+-------+-------+-------+-------+-------++-------
  Melee: Dagger            |    73 |   143 |   170 |   396 |   608 ||  1390
         Touch             |     3 |    16 |    38 |   101 |   176 ||   334
         Punch             |       |     1 |     1 |     5 |    14 ||    21
         Rapier            |       |       |       |    71 |       ||    71
         Unarmed           |       |       |       |    13 |       ||    13
   Cast: Ensorcelled Hiber |    16 |    20 |    61 |   107 |    42 ||   246
         Confusing Touch   |       |     1 |    10 |     9 |     3 ||    23
         Tukima's Dance    |       |       |       |     2 |       ||     2
         Dazzling Flash    |       |       |       |       |    17 ||    17
 Invoke: Shadow Step       |       |       |       |     1 |       ||     1
         Shadow Form       |       |       |       |       |     1 ||     1
  Evoke: Wand              |       |       |     2 |     6 |       ||     8
    Use: Scroll            |     3 |     2 |    12 |    10 |     5 ||    32
         Potion            |       |       |     4 |     1 |     1 ||     6
   Stab: Sleeping          |    17 |    23 |    34 |    52 |    39 ||   165
         Confused          |       |     1 |     4 |     5 |     3 ||    13
         Invisible         |       |       |     4 |       |    12 ||    16
         Distracted        |       |       |     1 |     2 |       ||     3
 Armour: Robe              |    61 |   108 |   106 |   221 |   134 ||   630
         Skin              |       |       |       |     7 |       ||     7
         Swamp dragon scal |       |       |       |       |   146 ||   146
  Dodge: Dodged            |    55 |    99 |    94 |   264 |   216 ||   728
  Block: Other             |       |     9 |    56 |   327 |   293 ||   685
         Reflection        |       |       |       |    36 |     2 ||    38

Levels and vault maps discovered:
D:1:      mrwooster_arrival_statue, layout_rooms
D:2:      minmay_recursive_quarters, layout_basic, shapermc_ecumenical_altar_gd,
          uniq_robin
D:3:      layout_basic, yredelemnul_forgotten_temple_becter,
          mainiacjoe_overflow_alcove_1
D:4:      layout_basic, nicolae_overflow_crystal_walls, bloody_makhleb,
          minmay_temple_entry_grid, uniq_grinder
D:5:      layout_gridville, ebering_ghost_rock_garden, serial_bayou_pond_b,
          uniq_ijyb
D:6:      layout_layer_cave, gup_sewer_entry_pipe
D:7:      cheibrodos_steamvent, layout_cave_pools, overflow_temple_1_default,
          lemuel_round_altar, uniq_prince_ribbit1, uniq_duvessa, uniq_joseph
D:8:      layout_basic, lemuel_coloured_pillars_altar,
          mainiacjoe_overflow_brackets, hellmonk_lair_entry_icy, uniq_amaemon
D:9:      layout_cave_pools, ashenzari_altar_1, mainiacjoe_overflow_chevrons,
          gammafunk_ghost_hydra_chop, enter_bailey_4, serial_shops, shop
D:10:     layout_small_grid, nicolae_uskayaw_murder_on_the_dancefloor,
          kennysheep_orc_monster_closet_entryway, uniq_psyche
D:11:     minmay_the_grid_triangle_9x9_recursive_3
          [minmay_the_grid_triangle_9x9_skeleton,
          minmay_the_grid_triangle_9x9_zippers_horizontal,
          minmay_the_grid_triangle_9x9_alien,
          minmay_the_grid_triangle_9x9_prize_center,
          minmay_the_grid_triangle_9x9_shrine,
          minmay_the_grid_triangle_9x9_minimal,
          minmay_the_grid_triangle_9x9_empty,
          minmay_the_grid_triangle_9x9_corrupted_corridor,
          minmay_the_grid_triangle_9x9_cache], layout_long_grid,
          chequers_garden, uniq_harold, uniq_sonja, uniq_maurice
Temple:   jpeg_temple_clearing
Lair:1:   layout_hall_layers, serial_bayou_shore_b, lemuel_fruit_fields
Lair:2:   layout_layer_cave, spider_nest_entry_a
Lair:3:   gammafunk_cloud_chamber, layout_long_grid, nicolae_swamp_entry_spooky,
          basic_altar, chequers_serial_rivers_large_a, evilmike_ambush
          [evilmike_ambush_outer_corners, evilmike_ambush_inner_basic]
Lair:4:   layout_roguey, slime_entry_1, serial_rivers,
          chequers_serial_rivers_micro_e, chequers_serial_rivers_micro_d,
          chequers_serial_rivers_micro_c, chequers_serial_rivers_micro_c,
          chequers_serial_rivers_micro_e, grunt_megastairs_3
Lair:5:   evilmike_catoblepas_cave, layout_long_grid, uniq_urug

Notes
Turn   | Place    | Note
-------+----------+-------------------------------------------
     0 | D:1      | kae the Demonspawn Enchanter began the quest for the Orb.
     0 | D:1      | Reached XP level 1. HP: 13/13 MP: 3/3
     0 | D:1      | magus.rc [v1.11.3]
    72 | D:1      | Reached skill level 1 in Short Blades
   199 | D:1      | Gained mutation: Your touch may inflict minor irresistible
                  | damage on your foes. [demonic ancestry]
   199 | D:1      | Reached XP level 2. HP: 19/19 MP: 5/5
   202 | D:1      | Learned a level 2 spell: Ensorcelled Hibernation
   541 | D:2      | HP: 5/20 [poisoned by an adder]
   544 | D:2      | HP: 2/20 [poisoned by an adder]
   636 | D:2      | Gained mutation: Your demonic aura sometimes causes spilled
                  | blood to erupt in flames. [demonic ancestry]
   636 | D:2      | Reached XP level 3. HP: 25/25 MP: 6/6
   659 | D:2      | Noticed Robin
   770 | D:2      | Reached skill level 1 in Fighting
   882 | D:3      | Killed Robin
   883 | D:3      | Reached skill level 3 in Stealth
   953 | D:2      | Reached skill level 2 in Short Blades
   953 | D:2      | HP: 3/26 [quokka (5)]
  1066 | D:2      | Gained mutation: Your touch may inflict irresistible damage
                  | on your foes. [demonic ancestry]
  1066 | D:2      | Reached XP level 4. HP: 30/32 MP: 7/7
  1588 | D:2      | Found a faded altar of an unknown god.
  2348 | D:3      | Reached XP level 5. HP: 23/37 MP: 5/8
  2431 | D:3      | Found a basalt altar of Yredelemnul.
  2858 | D:4      | Reached skill level 4 in Hexes
  2986 | D:4      | Reached skill level 2 in Fighting
  3149 | D:4      | Noticed Grinder
  3155 | D:4      | Learned a level 3 spell: Confusing Touch
  3159 | D:4      | Learned a level 3 spell: Tukima's Dance
  3178 | D:4      | Found a burning altar of Makhleb.
  3310 | D:4      | Gained mutation: You are partially covered in large bone
                  | plates. (SH +4) [demonic ancestry]
  3310 | D:4      | Reached XP level 6. HP: 44/44 MP: 10/10
  3534 | D:4      | Found a staircase to the Ecumenical Temple.
  3554 | Temple   | Entered the Ecumenical Temple
  3569 | Temple   | Became a worshipper of Dithmenos the Shadowed
  3693 | D:4      | Reached skill level 3 in Short Blades
  3877 | D:4      | Paralysed by Grinder for 3 turns
  3897 | D:4      | HP: 9/44 [Grinder (4)]
  3899 | D:4      | Killed Grinder
  3900 | D:4      | Reached skill level 3 in Spellcasting
  4133 | D:5      | Entered Level 5 of the Dungeon
  4233 | D:5      | Noticed Ijyb
  4248 | D:5      | Gained mutation: You are mostly covered in large bone
                  | plates. (SH +6) [demonic ancestry]
  4248 | D:5      | Reached XP level 7. HP: 16/51 MP: 11/11
  4251 | D:5      | Killed Ijyb
  4544 | D:5      | Reached skill level 4 in Stealth
  4544 | D:5      | Reached skill level 5 in Hexes
  4579 | D:5      | You pick up a book of Winter and begin reading...
  4579 | D:5      | You add the spells Ozocubu's Armour, Metabolic Englaciation
                  | and Simulacrum to your library.
  4660 | D:5      | Reached skill level 3 in Fighting
  4842 | D:5      | Reached skill level 4 in Short Blades
  5063 | D:5      | Found a runed translucent gate.
  5064 | D:5      | Found a runed translucent gate.
  5064 | D:5      | Found a runed translucent gate.
  5069 | D:5      | Noticed shbulbulush's ghost (amateur TrGl)
  5139 | D:5      | Reached XP level 8. HP: 27/58 MP: 8/13
  5637 | D:6      | Reached skill level 6 in Hexes
  5733 | D:6      | Reached skill level 4 in Spellcasting
  5748 | D:6      | Reached skill level 5 in Short Blades
  5754 | D:6      | Reached * piety under Dithmenos
  5893 | D:6      | Reached skill level 4 in Fighting
  5898 | D:6      | Reached skill level 5 in Stealth
  5946 | D:6      | Found a glowing drain.
  5958 | Sewer    | Entered a sewer
  6083 | Sewer    | You pick up a book of Minor Magic and begin reading...
  6083 | Sewer    | You add the spells Magic Dart, Call Imp and Mephitic Cloud
                  | to your library.
  6208 | D:6      | Reached XP level 9. HP: 65/66 MP: 11/15
  6294 | D:6      | Reached skill level 7 in Hexes
  6973 | D:7      | Reached skill level 2 in Dodging
  7047 | D:6      | HP: 15/66 [something (5)]
  7049 | D:6      | HP: 4/66 [something (5)]
  7053 | D:6      | Reached skill level 6 in Short Blades
  7327 | D:7      | Noticed Prince Ribbit
  7342 | D:7      | Killed Prince Ribbit
  7473 | D:7      | Found a sacrificial altar of Ru.
  7483 | D:7      | Noticed Duvessa
  7635 | D:7      | Reached skill level 5 in Fighting
  7715 | D:7      | Found an iron altar of Okawaru.
  7716 | D:7      | Noticed Joseph
  7752 | D:7      | Killed Joseph
  7753 | D:7      | Reached skill level 3 in Dodging
  7753 | D:7      | Reached skill level 5 in Spellcasting
  7753 | D:7      | Reached skill level 8 in Hexes
  8012 | D:7      | Noticed Dowan
  8040 | D:7      | Killed Duvessa
  8043 | D:7      | Killed Dowan
  8232 | D:8      | Found a staircase to the Lair.
  8234 | D:8      | Noticed a rime drake
  8238 | D:8      | Reached skill level 6 in Stealth
  8238 | D:8      | Gained mutation: You are completely covered in large bone
                  | plates. (SH +8) [demonic ancestry]
  8238 | D:8      | Reached XP level 10. HP: 74/74 MP: 17/17
  8283 | D:8      | Noticed Amaemon
  8283 | D:8      | Noticed an orange demon
  8295 | D:8      | Killed an orange demon
  8296 | D:8      | Reached skill level 7 in Short Blades
  8296 | D:8      | Killed Amaemon
  8296 | D:8      | Reached ** piety under Dithmenos
  8559 | D:8      | Found a radiant altar of Vehumet.
  8660 | D:8      | Found a sparkling altar of Nemelex Xobeh.
  9472 | D:8      | Identified the amulet "Dutioce" {Reflect Fragile rPois
                  | Slay+3 SH+5}
  9671 | D:9      | Reached skill level 6 in Fighting
  9671 | D:9      | Reached skill level 4 in Dodging
  9671 | D:9      | Reached skill level 9 in Hexes
  9700 | D:9      | Reached skill level 8 in Short Blades
  9730 | D:9      | Found a flagged portal.
  9806 | Bailey   | Entered a bailey
 10173 | Bailey   | Gained mutation: Your demonic aura often causes spilled
                  | blood to erupt in flames. [demonic ancestry]
 10173 | Bailey   | Reached XP level 11. HP: 81/81 MP: 19/19
 10266 | Bailey   | Reached *** piety under Dithmenos
 10272 | Bailey   | Reached skill level 6 in Spellcasting
 10287 | Bailey   | Noticed an orc knight
 10289 | Bailey   | Killed an orc knight
 10453 | D:9      | Noticed a deep elf pyromancer
 10455 | D:9      | Found Foduipsy's Magic Scroll Shoppe.
 10458 | D:9      | Killed a deep elf pyromancer
 10465 | D:9      | Bought a scroll of blinking for 105 gold pieces
 10465 | D:9      | Bought 2 scrolls of identify for 56 gold pieces
 10466 | D:9      | Acquired the +1 rapier of Wrongful Imprisonment {speed,
                  | rPois rC+ rN+ Dex+3}
 10491 | D:9      | Found a runed translucent gate.
 10491 | D:9      | Noticed a ten-headed hydra
 10495 | D:9      | Found a broken altar of Ashenzari.
 10500 | D:9      | Reached skill level 7 in Stealth
 10516 | D:9      | Found a runed translucent gate.
 10624 | D:9      | Found a stormy altar of Qazlal.
 10816 | D:9      | Found a runed translucent gate.
 10818 | D:9      | Noticed Dirtsage's ghost (journeyman OpSh)
 10818 | D:9      | Noticed a nine-headed hydra
 11182 | D:10     | Entered Level 10 of the Dungeon
 11366 | D:10     | Found a hide-covered altar of Uskayaw.
 11424 | D:10     | Found a staircase to the Orcish Mines.
 11501 | D:10     | Reached skill level 10 in Hexes
 11607 | D:10     | Reached skill level 5 in Dodging
 11769 | D:10     | Noticed Psyche
 11788 | D:10     | Killed Psyche
 11983 | D:10     | Noticed a two-headed ogre
 11995 | D:10     | Killed a two-headed ogre
 11996 | D:10     | Reached skill level 7 in Fighting
 11996 | D:10     | Reached skill level 9 in Short Blades
 12133 | D:10     | Reached **** piety under Dithmenos
 12344 | D:11     | Noticed a two-headed ogre
 12344 | D:11     | Noticed a tengu warrior
 12346 | D:11     | Killed a tengu warrior
 12354 | D:11     | Killed a two-headed ogre
 12391 | D:11     | Noticed Sonja
 12398 | D:11     | Killed Sonja
 12456 | D:11     | Gained mutation: You punish those that try to bend your
                  | will. (Will+) [demonic ancestry]
 12456 | D:11     | Reached XP level 12. HP: 89/91 MP: 22/22
 12543 | D:11     | Noticed Harold
 12550 | D:11     | Killed Harold
 12750 | D:11     | Noticed Maurice
 12759 | D:11     | Maurice stole a +4 short sword of speed
 12761 | D:11     | Killed Maurice
 12991 | D:11     | Noticed a two-headed ogre
 12997 | D:11     | Killed a two-headed ogre
 12998 | D:11     | Reached skill level 7 in Spellcasting
 13160 | D:11     | Noticed a two-headed ogre
 13167 | D:11     | Reached skill level 11 in Hexes
 13171 | D:11     | Killed a two-headed ogre
 13172 | D:11     | Reached skill level 8 in Stealth
 13369 | D:11     | Reached skill level 6 in Dodging
 13374 | D:11     | Reached skill level 10 in Short Blades
 13397 | D:11     | HP: 21/92 [something (29)]
 13624 | D:11     | You pick up a book of the Senses and begin reading...
 13624 | D:11     | You add the spells Agony and Silence to your library.
 13671 | D:11     | Reached ***** piety under Dithmenos
 13955 | D:11     | Reached skill level 8 in Fighting
 13994 | D:11     | You add the spells Summon Mana Viper, Eringya's Noxious Bog
                  | and Discord to your library.
 13994 | D:11     | Got a disorganized book
 13997 | D:11     | Identified the +5 long sword of Naluenic {heavy, Fragile
                  | rElec rC+ Dex+2}
 14394 | Lair:1   | Entered Level 1 of the Lair of Beasts
 14466 | D:8      | HP: 17/92 [cane toad (16)]
 14474 | D:8      | HP: 18/93 [bullfrog (2)]
 14620 | Lair:1   | HP: 17/93 [cane toad (14)]
 14622 | Lair:1   | Reached skill level 1 in Invocations
 14624 | Lair:1   | Gained mutation: You regenerate a little health from kills.
                  | [demonic ancestry]
 14624 | Lair:1   | Reached XP level 13. HP: 48/98 MP: 16/24
 14908 | Lair:1   | You pick up a book of Blasting and begin reading...
 14908 | Lair:1   | You add the spells Volatile Blastmotes, Fulminant Prism and
                  | Iskenderun's Mystic Blast to your library.
 15268 | Lair:2   | Reached skill level 2 in Invocations
 15283 | Lair:2   | Reached skill level 12 in Hexes
 15301 | Lair:2   | Learned a level 3 spell: Dazzling Flash
 16070 | Lair:2   | Found a hole to the Spider Nest.
 16456 | Lair:3   | Reached skill level 3 in Invocations
 16617 | Lair:3   | Reached skill level 11 in Short Blades
 16710 | Lair:3   | Reached skill level 9 in Stealth
 16743 | Lair:3   | Reached skill level 7 in Dodging
 16743 | Lair:3   | Reached skill level 8 in Spellcasting
 16819 | Lair:3   | Found a transporter.
 16849 | Lair:3   | Found a transporter.
 16901 | Lair:3   | Found a radiant altar of Vehumet.
 17270 | Lair:3   | Found a staircase to the Swamp.
 17300 | Lair:3   | HP: 21/90 [ghost crab] (3)]
 17641 | Lair:3   | HP: 19/87 [spectral eight-headed hydra[a ghost crab] (6)]
 17818 | Lair:3   | HP: 20/89 [something (5)]
 18209 | Lair:4   | Reached skill level 4 in Invocations
 18377 | Lair:4   | Found a viscous altar of Jiyva.
 18379 | Lair:4   | Found a staircase to the Slime Pits.
 18433 | Lair:4   | Reached skill level 9 in Fighting
 19137 | Lair:5   | Entered Level 5 of the Lair of Beasts
 19173 | Lair:5   | Gained mutation: You regenerate health from kills. [demonic
                  | ancestry]
 19173 | Lair:5   | Reached XP level 14. HP: 108/108 MP: 26/26
 19371 | Lair:5   | Reached skill level 5 in Invocations
 19374 | Lair:5   | Reached skill level 13 in Hexes
 19444 | Lair:5   | Noticed Urug
 19449 | Lair:5   | Killed Urug
 19780 | Lair:5   | Reached skill level 12 in Short Blades
 19782 | Lair:5   | Reached ****** piety under Dithmenos
 19890 | Lair:5   | Reached skill level 6 in Invocations
 19949 | Lair:5   | HP: 11/108 [catoblepas (26)]
 20683 | Lair:5   | Reached skill level 8 in Dodging
 21023 | D:9      | HP: 17/109 [ten-headed hydra (13)]
 21023 | D:9      | HP: 8/109 [nine-headed hydra (2)]
 21024 | D:9      | Slain by a ten-headed hydra

Vanquished Creatures
  Harold (D:11)
  6 hydras
  4 catoblepae (Lair:5)
  2 ghost crabs (Lair:3)
  4 two-headed ogres
  10 death yaks (Lair:5)
  A tengu warrior (D:11)
  Urug (Lair:5)
  Amaemon (D:8)
  Sonja (D:11)
  A shadow wraith (D:11)
  4 swamp dragons (Lair:3)
  2 skysharks
  A deep elf pyromancer (D:9)
  2 ugly things (D:11)
  2 orc knights
  3 manticores
  4 cyclopes (D:11)
  Joseph (D:7)
  Maurice (D:11)
  7 black mambas
  5 elephants (Lair:5)
  13 cane toads
  An orange demon (D:8)
  A gargoyle (D:10)
  An unseen horror (D:11)
  Psyche (D:10)
  A rime drake (D:8)
  5 komodo dragons
  2 trolls
  A yaktaur (D:11)
  A burning bush (Lair:3)
  5 polar bears
  A hornet (D:7)
  Grinder (D:4)
  6 blink frogs
  A wind drake (shapeshifter) (D:11)
  Prince Ribbit (D:7)
  A spectral dream sheep (Lair:3)
  A spectral black mamba (Lair:3)
  3 shadows (D:11)
  3 wyverns
  70 yaks
  6 basilisks
  A redback (Lair:2)
  4 steam dragons
  9 vampire mosquitoes (D:11)
  14 water moccasins
  Duvessa (D:7)
  An acid dragon (D:10)
  3 ice beasts
  A sky beast (D:6)
  18 orc warriors
  A black bear (D:5)
  4 ogres
  14 wolves
  6 centaurs
  3 phantoms
  A spectral basilisk (Lair:3)
  6 kobold brigands
  8 bullfrogs
  6 gnoll sergeants
  5 scorpions
  10 wights
  Dowan (D:7)
  4 killer bees (D:11)
  A howler monkey (D:10)
  3 hounds
  An orc priest (D:9)
  2 sleepcaps
  A gnoll bouda (D:9)
  6 iguanas
  5 orc wizards
  A hell rat (Lair:3)
  Ijyb (D:5)
  Robin (D:3)
  12 gnolls
  9 adders
  A shadow imp (D:6)
  An ufetubus (D:5)
  2 worms
  2 dart slugs (D:2)
  52 orcs
  4 ball pythons
  7 endoplasms
  7 giant cockroaches
  19 goblins
  10 hobgoblins
  3 jackals
  6 quokkas
  7 bats
  2 frilled lizards (D:2)
  19 kobolds
  9 rats
  A spectral orc (D:3)
506 creatures vanquished.

Vanquished Creatures (others)
  A manticore (Lair:5)
1 creature vanquished.

Grand Total: 507 creatures vanquished

Table legend:
 A = Non-vault XP
 B = Vault XP
 C = Vault XP percentage of total XP
 D = Non-vault monster count
 E = Vault monster count
 F = Vault count percentage of total count
                 A         B        C        D         E       F
            +---------+---------+-------+---------+---------+-------
      Total |   52488 |   39394 |  42.9 |     333 |     174 |  34.3
            +---------+---------+-------+---------+---------+-------
        D:1 |      25 |       0 |   0.0 |      14 |       0 |   0.0
        D:2 |      58 |      37 |  38.9 |      19 |      20 |  51.3
        D:3 |      58 |      26 |  31.0 |      18 |       7 |  28.0
        D:4 |     227 |     286 |  55.8 |      18 |       1 |   5.3
        D:5 |     862 |     183 |  17.5 |      21 |       4 |  16.0
        D:6 |    1144 |      10 |   0.9 |      19 |       5 |  20.8
        D:7 |    1079 |    1326 |  55.1 |      13 |       6 |  31.6
        D:8 |    2915 |    1894 |  39.4 |      31 |       6 |  16.2
        D:9 |    3519 |      11 |   0.3 |      32 |       5 |  13.5
       D:10 |    2545 |    2198 |  46.3 |      17 |      21 |  55.3
       D:11 |    5250 |   11012 |  67.7 |      23 |      28 |  54.9
     Lair:1 |    3131 |       0 |   0.0 |      11 |       0 |   0.0
     Lair:2 |    7463 |     184 |   2.4 |      37 |       1 |   2.6
     Lair:3 |    4968 |    7026 |  58.6 |      13 |      16 |  55.2
     Lair:4 |    2856 |    1634 |  36.4 |      11 |       4 |  26.7
     Lair:5 |   16388 |   11089 |  40.4 |      36 |      24 |  40.0
      Sewer |       0 |     155 | 100.0 |       0 |       3 | 100.0
     Bailey |       0 |    2323 | 100.0 |       0 |      23 | 100.0
            +---------+---------+-------+---------+---------+-------

Skill      XL: |  1  2  3  4  5  6  7  8  9 10 11 12 13 14 |
---------------+-------------------------------------------+-----
Short Blades   | 1 2 3 4 5 6 8 9 10 11 12 | 12.2
Fighting       | 1 2 3 4 5 6 7 8 9 |  9.7
Stealth        | 3 4 5 6 7 8 9 |  9.9
Hexes          | 4 5 6 8 9 10 11 12 13 | 13.5
Spellcasting   | 3 4 5 6 7 8 |  8.9
Dodging        | 3 4 5 6 7 8 |  8.0
Invocations    | 1 4 6 |  6.3

Action                     |  1- 3 |  4- 6 |  7- 9 | 10-12 | 13-15 || total
---------------------------+-------+-------+-------+-------+-------++-------
  Melee: Dagger            |    73 |   143 |   170 |   396 |   608 ||  1390
         Touch             |     3 |    16 |    38 |   101 |   176 ||   334
         Punch             |       |     1 |     1 |     5 |    14 ||    21
         Rapier            |       |       |       |    71 |       ||    71
         Unarmed           |       |       |       |    13 |       ||    13
   Cast: Ensorcelled Hiber |    16 |    20 |    61 |   107 |    42 ||   246
         Confusing Touch   |       |     1 |    10 |     9 |     3 ||    23
         Tukima's Dance    |       |       |       |     2 |       ||     2
         Dazzling Flash    |       |       |       |       |    17 ||    17
 Invoke: Shadow Step       |       |       |       |     1 |       ||     1
         Shadow Form       |       |       |       |       |     1 ||     1
  Evoke: Wand              |       |       |     2 |     6 |       ||     8
    Use: Scroll            |     3 |     2 |    12 |    10 |     5 ||    32
         Potion            |       |       |     4 |     1 |     1 ||     6
   Stab: Sleeping          |    17 |    23 |    34 |    52 |    39 ||   165
         Confused          |       |     1 |     4 |     5 |     3 ||    13
         Invisible         |       |       |     4 |       |    12 ||    16
         Distracted        |       |       |     1 |     2 |       ||     3
 Armour: Robe              |    61 |   108 |   106 |   221 |   134 ||   630
         Skin              |       |       |       |     7 |       ||     7
         Swamp dragon scal |       |       |       |       |   146 ||   146
  Dodge: Dodged            |    55 |    99 |    94 |   264 |   216 ||   728
  Block: Other             |       |     9 |    56 |   327 |   293 ||   685
         Reflection        |       |       |       |    36 |     2 ||    38

Illustrated notes

Table legend:
 A = Kills in this place as a percentage of kills in the entire game.
 B = Kills by you in this place as a percentage of kills by you in the entire game.
 C = Kills by friends in this place as a percentage of kills by friends in the entire game.
 D = Other kills in this place as a percentage of other kills in the entire game.
 E = Experience gained in this place as a percentage of experience gained in the entire game.
 F = Experience gained in this place divided by the number of levels of this place that you have seen.
                   A       B       C       D       E      F
               +-------+-------+-------+-------+-------+----------------------
         Total | 100.0 | 100.0 |   N/A | 100.0 | 100.0 | 4835.9
       Dungeon |  64.7 |  64.8 |   N/A |   0.0 |  37.7 | 3151.4
          Lair |  30.2 |  30.0 |   N/A | 100.0 |  59.6 | 10947.8
         Sewer |   0.6 |   0.6 |   N/A |   0.0 |   0.2 | 155.0
        Bailey |   4.5 |   4.5 |   N/A |   0.0 |   2.5 | 2323.0
               +-------+-------+-------+-------+-------+----------------------

Table legend: (Time is in decaauts)
 A = Elapsed time spent in this place.
 B = Non-inter-level travel time spent in this place.
 C = Inter-level travel time spent in this place.
 D = Time resting spent in this place.
 E = Time spent auto-exploring this place.
 F = Levels seen in this place.
 G = Mean time per level.
                   A        B        C        D        E       F      G
               +--------+--------+--------+--------+--------+-----+--------+
         Total |  20768 |  19940 |    828 |   2600 |  13527 |  19 | 1093.1 |
       Dungeon |  13802 |  13396 |    406 |   1708 |   9160 |  11 | 1254.7 |
        Temple |     30 |      1 |     29 |      0 |      0 |   1 |   30.0 |
          Lair |   6074 |   5682 |    392 |    828 |   3828 |   5 | 1214.8 |
         Sewer |    175 |    175 |      0 |      0 |    127 |   1 |  175.0 |
        Bailey |    685 |    685 |      0 |     64 |    411 |   1 |  685.0 |
               +--------+--------+--------+--------+--------+-----+--------+

Top non-repeatable levels by time:
    D:11: 1910 daAuts
     D:8: 1663 daAuts
  Lair:3: 1652 daAuts
  Lair:5: 1625 daAuts
     D:5: 1604 daAuts
  Lair:2: 1518 daAuts
     D:6: 1301 daAuts
     D:3: 1271 daAuts
     D:4: 1264 daAuts
    D:10: 1139 daAuts
     D:2: 1107 daAuts
     D:7: 1022 daAuts
     D:9: 1002 daAuts
  Bailey: 685 daAuts
  Lair:4: 671 daAuts
